 Dungeon Crawl Stone Soup version 0.29-a0-870-g2c972031a6 (webtiles) character file.

Game seed: 4792747200903615871

119 zeratav the Stinger (level 5, -4/31 HPs)
             Began as an Octopode Venom Mage on July 17, 2022.
             Slain by an orc
             ... wielding a +2 mace of protection
              (5 damage)
             ... on level 3 of the Dungeon.
             The game lasted 00:03:34 (4038 turns).

zeratav the Stinger (Octopode Venom Mage)           Turns: 4038, Time: 00:03:34

Health: -4/31      AC:  1    Str:  7    XL:     5   Next: 3%
Magic:  2/8        EV: 13    Int: 19    God:
Gold:   170        SH:  0    Dex: 13    Spells: 5/8 levels left

rFire   . . .      SeeInvis .   n - +1 dagger (venom) {short}
rCold   . . .      Faith    .   (no shield)
rNeg    . . .      Spirit   .   (helmet restricted)
rPois   .          Reflect  .   (no amulet)
rElec   .          Harm     .   k - ring of flight
rCorr   .          Rampage  .   (no ring)
Will    .....                   (no ring)
Stlth   ++++......              (no ring)
HPRegen 0.10/turn               (no ring)
MPRegen 0.11/turn               (no ring)
                                (no ring)
                                (no ring)

@: flying
A: almost no armour, amphibious, 8 rings, camouflage 1, gelatinous body 1,
(nimble swimmer 1), tentacles
a: no special abilities


You were on level 3 of the Dungeon.
You visited 1 branch of the dungeon, and saw 3 of its levels.

You collected 170 gold pieces.


Innate Abilities, Weirdness & Mutations

You cannot wear most types of armour.
You are amphibious.
You can wear up to eight rings at the same time.
Your skin changes colour to match your surroundings (Stealth+).
Your rubbery body absorbs attacks. (AC +1, EV +1)
((You are camouflaged when in or above water. (Stealth+)))
You have tentacles for arms and can constrict up to eight enemies at once.


   Skills:
 - Level 2.0 Dodging
 - Level 5.0 Stealth
 - Level 2.0 Spellcasting
 - Level 1.0 Transmutations
 + Level 5.6 Poison Magic


You had 5 spell levels left.
You knew the following spells:

 Your Spells              Type           Power      Damage    Failure   Level
a - Sting                 Tmut/Pois      56%        1d5       4%          1
b - Poisonous Vapours     Pois/Air       24%        N/A       8%          2

Your spell library contained the following spells:

 Spells                   Type           Power      Damage    Failure   Level
 Olgreb's Toxic Radiance  Pois           23%        N/A       16%         4
 Sandblast                Erth           2%         2d4       17%         1
 Wereblood                Tmut           5%         N/A       17%         2
 Passwall                 Tmut/Erth      2%         N/A       21%         2
 Mephitic Cloud           Conj/Pois/Air  9%         N/A       24%         3
 Blink                    Tloc           2%         N/A       26%         2
 Sublimation of Blood     Necr           1%         N/A       26%         2
 Inner Flame              Hex/Fire       1%         N/A       45%         3
 Lesser Beckoning         Tloc           1%         N/A       45%         3
 Stone Arrow              Conj/Erth      2%         3d7       45%         3
 Cause Fear               Hex            0%         N/A       86%         4
 Manifold Assault         Tloc           1%         N/A       99%         5
 Summon Hydra             Summ           0%         N/A       100%        7
 Discord                  Hex            0%         N/A       100%        8

Inventory:

Hand Weapons
 c - a +0 dagger {short}
   (You took it off a kobold on level 1 of the Dungeon)
 n - a +1 dagger of venom (weapon) {short}
   (You took it off an orc wizard on level 3 of the Dungeon)
Jewellery
 g - a ring of fire
   (You found it on level 2 of the Dungeon)
 k - a ring of flight (left tentacle)
   (You found it on level 3 of the Dungeon)
Scrolls
 h - 2 scrolls of teleportation {unknown}
 j - a scroll of poison {unknown}
 l - a scroll of identify {unknown}
Potions
 a - a potion of magic
 b - 2 potions of brilliance {unknown}
 d - a potion of haste {unknown}
 e - a potion of berserk rage {unknown}
 f - a potion of curing {unknown}
 i - a potion of attraction {unknown}
 m - a potion of heal wounds {unknown}

Dungeon Overview and Level Annotations

Branches:
Dungeon (3/15) Zot: 13962

Altars:
Qazlal

#.# #.# #.#
#.# #.# #.#
#)#
#.#######..
#.[@oo.....
###########
# . #


You could see 2 orcs.


Message History

The orc wizard is wielding a +1 dagger of venom.
The orc wizard shouts!
The orc moves out of view.
You see here a +0 trident {polearm}.
Memorise Poisonous Vapours, consuming 2 spell levels and leaving 4?
You start memorising the spell.
You continue memorising. x2
You finish memorising.
Spell assigned to 'b'.
You see here a +0 trident {polearm}.
Casting: Sting (safe; 4% risk of failure)
Confirm with . or Enter, or press ? or * to list all spells.
Aiming: Poisonous Vapours (safe; 9% risk of failure)
Press: ? - help, Dir - move target, f - orc wizard
Aim: an orc wizard, wielding a +1 dagger of venom and wearing a +0 robe Poisonous vapours surround the orc wizard!
The orc wizard is poisoned.
The orc shouts!
MP[-2]
You lost 2 mp, and now have 5/7 mp.
Casting: Poisonous Vapours (safe; 9% risk of failure)
Confirm with . or Enter, or press ? or * to list all spells.
Aiming: Poisonous Vapours (safe; 9% risk of failure)
Press: ? - help, Dir - move target, f/p - orc wizard
Aim: an orc wizard, wielding a +1 dagger of venom and wearing a +0 robe (lightly wounded, poisoned) Poisonous vapours surround the orc wizard!
The orc wizard looks even sicker.
The orc shouts!
You hear a shout!
The orc wizard points at you and mumbles some strange words.
The magic dart hits you.
HP[-6] MP[-2]
You take 6 damage, and now have 21/27 hp.
MASSIVE DAMAGE!! (PAUSE)
You lost 2 mp, and now have 3/7 mp.
Casting: Poisonous Vapours (safe; 9% risk of failure)
Confirm with . or Enter, or press ? or * to list all spells.
Aiming: Poisonous Vapours (safe; 9% risk of failure)
Press: ? - help, Dir - move target, f/p - orc wizard
Aim: an orc wizard, wielding a +1 dagger of venom and wearing a +0 robe (moderately wounded, very poisoned) Poisonous vapours surround the orc wizard!
The orc wizard looks even sicker.
MP[-2]
You lost 2 mp, and now have 1/7 mp.
You see here a +0 trident {polearm}.
Casting: Poisonous Vapours (safe; 9% risk of failure)
Confirm with . or Enter, or press ? or * to list all spells.
Aiming: Sting (safe; 4% risk of failure)
Press: ? - help, Shift-Dir - straight line, f/p - orc wizard
Aim: an orc wizard, wielding a +1 dagger of venom and wearing a +0 robe (almost dead, very poisoned, 64% to hit)
The sting hits the orc wizard.
The orc wizard looks even sicker.
You kill the orc wizard!
MP[-1]
You lost 1 mp, and now have 0/7 mp.
MP[+1]
Things that are here:
a +1 dagger of venom {short}; a +0 robe Your +1 dagger of venom {short} begins to drip with poison!
n - a +1 dagger of venom (weapon)
{short} You closely miss the orc.
Your grab misses the orc. The orc hits you with a +0 falchion!
HP[-7]
You take 7 damage, and now have 14/27 hp.
MASSIVE DAMAGE!! (PAUSE)
You barely miss the orc. Your grab misses the orc. The orc misses you.
You hit the orc but do no damage.
The orc is poisoned.
You grab the orc.
You constrict the orc, but do no damage.
The orc hits you with a +0 falchion.
* * * LOW HITPOINT WARNING * * *
You are too injured to fight recklessly!
HP[-4]
You take 4 damage, and now have 10/27 hp.
You are too injured to fight recklessly!
You are too injured to fight recklessly!
You hit the orc.
The orc looks as sick as possible!
You constrict the orc.
You kill the orc!
You have reached level 5!
You feel agile.
HP[+1]
You now have 31 max hp (+4).
You hit the orc.
The orc is poisoned.
You grab the orc. You squeeze the orc.
You kill the orc!
The orc barely misses you.
Items here: )) ††.
HP[+1]
You hit the orc but do no damage. Your grab misses the orc.
The orc barely misses you.
You barely miss the orc. Your grab misses the orc.
The orc hits you with a +2 mace of protection.
* * * LOW HITPOINT WARNING * * *
HP[-3] MP[+1]
You take 3 damage, and now have 9/31 hp.
You barely miss the orc. You grab the orc. You constrict the orc.
The orc barely misses you.
You hit the orc.
The orc is poisoned.
You constrict the orc.
The orc hits you with a +2 mace of protection!
* * * LOW HITPOINT WARNING * * *
HP[-8]
You take 8 damage, and now have 1/31 hp.
MASSIVE DAMAGE!! (PAUSE)
You release your grip on the orc.
The orc attacks as you move away!
The orc hits you with a +2 mace of protection.
You die...

Skill      XL: |  1  2  3  4 |
---------------+-------------+-----
Stealth        | 3 4 5 |  5.0
Poison Magic   | 4 5 |  5.6
Dodging        | |  2.0
Spellcasting   | |  2.0
Transmutations | |  1.0

Action                   |  1- 3 |  4- 6 || total
-------------------------+-------+-------++-------
Melee: Short sword       |    14 |       ||    14
       Tentacles         |    63 |    64 ||   127
       Constrict         |    23 |     9 ||    32
       Dagger            |   224 |   182 ||   406
       Punch             |     2 |     2 ||     4
 Cast: Sting             |    12 |     9 ||    21
       Poisonous Vapours |       |     3 ||     3
 Stab: Sleeping          |    12 |     2 ||    14
Armor: Skin              |    11 |     3 ||    14
Dodge: Dodged            |    66 |    31 ||    97

Levels and vault maps discovered:
D:1:      lightli_iron_boxes, layout_loops_ring,
          shapermc_ecumenical_altar_mp_ritualfount, nicolae_titane
D:2:      layout_basic, serial_forest, infiniplex_forest_end_double,
          infiniplex_forest_end_2, infiniplex_forest_straight_3,
          infiniplex_forest_side_room, infiniplex_forest_clump_large,
          infiniplex_forest_clump_diagonal, infiniplex_forest_pool, basic_altar,
          minmay_tripent
D:3:      layout_loops_ring

Notes
Turn   | Place    | Note
-------+----------+-------------------------------------------
     0 | D:1      | zeratav the Octopode Venom Mage began the quest for the
                  | Orb.
     0 | D:1      | Reached XP level 1. HP: 11/11 MP: 3/3
     0 | D:1      | magus.rc [v1.9.6]
   352 | D:1      | Reached skill level 3 in Stealth
   536 | D:1      | Reached XP level 2. HP: 17/17 MP: 5/5
   545 | D:1      | Reached skill level 4 in Poison Magic
   727 | D:1      | Found a faded altar of an unknown god.
  1034 | D:1      | HP: 4/17 [constriction (1)]
  1038 | D:1      | Reached XP level 3. HP: 3/21 MP: 2/6
  1380 | D:1      | Reached skill level 4 in Stealth
  2128 | D:2      | You pick up a book of Spatial Translocations and begin
                  | reading...
  2128 | D:2      | You add the spells Blink, Lesser Beckoning and Manifold
                  | Assault to your library.
  2201 | D:2      | HP: 1/21 [worm (10)]
  2578 | D:2      | Found a stormy altar of Qazlal.
  2593 | D:2      | Reached XP level 4. HP: 13/27 MP: 4/7
  3389 | D:2      | You pick up a book of Hexes and begin reading...
  3389 | D:2      | You add the spells Inner Flame, Cause Fear and Discord to
                  | your library.
  3591 | D:3      | Reached skill level 5 in Poison Magic
  3808 | D:3      | Reached skill level 5 in Stealth
  3813 | D:3      | You pick up a book of Geomancy and begin reading...
  3813 | D:3      | You add the spells Sandblast, Passwall and Stone Arrow to
                  | your library.
  3849 | D:3      | You pick up a book of Blood and begin reading...
  3849 | D:3      | You add the spells Sublimation of Blood, Wereblood and
                  | Summon Hydra to your library.
  4004 | D:3      | Learned a level 2 spell: Poisonous Vapours
  4032 | D:3      | Reached XP level 5. HP: 11/31 MP: 1/8
  4037 | D:3      | HP: 1/31 [orc/+2 mace of protection (8)]
  4038 | D:3      | Slain by an orc

Vanquished Creatures
  An orc wizard (D:3)
  3 adders
  2 worms (D:2)
  A dart slug (D:1)
  2 orcs (D:3)
  5 bats
  4 endoplasms
  3 giant cockroaches
  3 goblins
  7 hobgoblins
  A jackal (D:2)
  4 quokkas
  5 ball pythons
  4 frilled lizards
  4 kobolds
  6 rats
  2 bushes (D:2)
57 creatures vanquished.

Vanquished Creatures (others)
  17 plants (D:2)
17 creatures vanquished.

Grand Total: 74 creatures vanquished

Table legend:
 A = Non-vault XP
 B = Vault XP
 C = Vault XP percentage of total XP
 D = Non-vault monster count
 E = Vault monster count
 F = Vault count percentage of total count
                 A         B        C        D         E       F
            +---------+---------+-------+---------+---------+-------
      Total |     167 |       3 |   1.8 |      53 |       2 |   3.6
            +---------+---------+-------+---------+---------+-------
        D:1 |      39 |       0 |   0.0 |      24 |       0 |   0.0
        D:2 |      60 |       3 |   4.8 |      18 |       2 |  10.0
        D:3 |      68 |       0 |   0.0 |      11 |       0 |   0.0
            +---------+---------+-------+---------+---------+-------

Illustrated notes

Table legend:
 A = Kills in this place as a percentage of kills in entire the game.
 B = Kills by you in this place as a percentage of kills by you in the entire game.
 C = Kills by friends in this place as a percentage of kills by friends in the entire game.
 D = Other kills in this place as a percentage of other kills in the entire game.
 E = Experience gained in this place as a percentage of experience gained in the entire game.
 F = Experience gained in this place divided by the number of levels of this place that you have seen.
                   A       B       C       D       E      F
               +-------+-------+-------+-------+-------+----------------------
         Total | 100.0 | 100.0 |   N/A |   N/A | 100.0 |  56.7
       Dungeon | 100.0 | 100.0 |   N/A |   N/A | 100.0 |  56.7
               +-------+-------+-------+-------+-------+----------------------

Table legend: (Time is in decaauts)
 A = Elapsed time spent in this place.
 B = Non-inter-level travel time spent in this place.
 C = Inter-level travel time spent in this place.
 D = Time resting spent in this place.
 E = Time spent auto-exploring this place.
 F = Levels seen in this place.
 G = Mean time per level.
                   A        B        C        D        E       F      G
               +--------+--------+--------+--------+--------+-----+--------+
         Total |   4037 |   3776 |    261 |    267 |   2771 |   3 | 1345.7 |
       Dungeon |   4037 |   3776 |    261 |    267 |   2771 |   3 | 1345.7 |
               +--------+--------+--------+--------+--------+-----+--------+

Top non-repeatable levels by time:
     D:2: 1910 daAuts
     D:1: 1567 daAuts
     D:3: 558 daAuts
